NYP
EVERETT AQUASOX @ MINNESOTA (NYP) TWINS
08/06/2049
 
TOP OF THE 1ST
Everett AquaSox batting - Pitching for Minnesota (NYP) Twins : RHP Glen Dutton
Pitching: RHP Glen Dutton
Batting: RHB John Vasquez 0-0: Called Strike
0-1: Hit by Pitch
Batting: RHB Tomokazu Sugimoto 0-0: Ball
1-0: Ball
Wild Pitch!
John Vasquez to second
2-0: Foul Ball, location: 2F
2-1: Ball
3-1: Ground out 6-3 (Groundball, 6, EV 81.9 MPH)
John Vasquez to third
Batting: RHB Bryan Alfaro 0-0: Called Strike
0-1: Ball
1-1: Ball
2-1: Foul Ball, location: 2F
2-2: Strikes out swinging
Batting: SHB Tony Morales 0-0: Ball
1-0: Foul Ball, location: 2F
1-1: SINGLE (Groundball, 6MD, EV 98.8 MPH)
John Vasquez scores
Batting: RHB Sal Cervantes 0-0: Foul Ball, location: 2F
0-1: Called Strike
0-2: Fielders Choice at 2nd, 5-4 (Groundball, 5, EV 83.1 MPH)
Top of the 1st over - 1 run, 1 hit, 0 errors, 1 left on base; Everett 1 - Minnesota (NYP) 0
BOTTOM OF THE 1ST
Minnesota (NYP) Twins batting - Pitching for Everett AquaSox : RHP Michel Méry
Pitching: RHP Michel Méry
Batting: RHB Caleb Bockmann 0-0: Ball
1-0: Fly out, F9 (Flyball, 9, EV 90.6 MPH)
Batting: RHB Fhil Mikrakin 0-0: Foul Ball, location: 2F
0-1: Ball
1-1: Called Strike
1-2: Foul Ball, location: 2F
1-2: Ball
2-2: Strikes out looking
Batting: LHB Hector Olvera 0-0: DOUBLE (Flyball, 89D, EV 91.9 MPH)
Batting: LHB Ben Roth 0-0: Ball
Wild Pitch!
Hector Olvera to third
1-0: Foul Ball, location: 2F
1-1: Foul Ball, location: 2F
1-2: Ball
2-2: Fly out, F7 (Flyball, 7, EV 88.8 MPH)
Bottom of the 1st over - 0 runs, 1 hit, 0 errors, 1 left on base; Everett 1 - Minnesota (NYP) 0
TOP OF THE 2ND
Everett AquaSox batting - Pitching for Minnesota (NYP) Twins : RHP Glen Dutton
Batting: RHB Rich Justice 0-0: SINGLE (Groundball, 4MD, EV 108.1 MPH)
Batting: RHB Danny Pujols 0-0: Foul Ball, location: 2F
0-1: Foul Ball, location: 2F
0-2: Ball
1-2: Strikes out swinging
Batting: RHB Egidius Kruger 0-0: Called Strike
0-1: Called Strike
Rich Justice steals 2nd, throwing error, E2
Rich Justice to third
0-2: Ground out 6-3 (Groundball, 56, EV 111.2 MPH)
Rich Justice scores
Batting: SHB Raghnall Ahearne 0-0: Ball
1-0: Ball
2-0: Ball
3-0: Called Strike
3-1: Called Strike
3-2: TRIPLE (Flyball, 89XD, EV 100.0 MPH)
Batting: RHB John Vasquez 0-0: Called Strike
0-1: Foul Ball, location: 2F
0-2: Strikes out swinging
Top of the 2nd over - 1 run, 2 hits, 1 error, 1 left on base; Everett 2 - Minnesota (NYP) 0
BOTTOM OF THE 2ND
Minnesota (NYP) Twins batting - Pitching for Everett AquaSox : RHP Michel Méry
Batting: RHB Alexandre Garcia 0-0: Ball
1-0: Foul Ball, location: 2F
1-1: Swinging Strike
1-2: Fly out, F8 (Line Drive, 8LM, EV 98.8 MPH)
Batting: RHB Chris Bejarano 0-0: Ball
1-0: Ball
2-0: Called Strike
2-1: Foul Ball, location: 2F
2-2: Strikes out swinging
Batting: LHB Jose Hilario 0-0: Ball
1-0: Ball
2-0: Called Strike
2-1: Called Strike
2-2: Hit by Pitch
Batting: RHB Fernando Bravo 0-0: Called Strike
0-1: Ball
Balk!
Jose Hilario to second
1-1: Foul Ball, location: 2F
1-2: Ground out 6-3 (Groundball, 6S, EV 84.4 MPH)
Bottom of the 2nd over - 0 runs, 0 hits, 0 errors, 1 left on base; Everett 2 - Minnesota (NYP) 0
TOP OF THE 3RD
Everett AquaSox batting - Pitching for Minnesota (NYP) Twins : RHP Glen Dutton
Batting: RHB Tomokazu Sugimoto 0-0: Called Strike
0-1: Ball
1-1: Ball
2-1: Swinging Strike
2-2: Strikes out swinging, 2-3 out at first.
Batting: RHB Bryan Alfaro 0-0: Ground out 6-3 (Groundball, 6, EV 80.0 MPH)
Batting: SHB Tony Morales 0-0: Ball
1-0: Ground out 6-3 (Groundball, 6, EV 108.1 MPH)
Top of the 3rd over - 0 runs, 0 hits, 0 errors, 0 left on base; Everett 2 - Minnesota (NYP) 0
BOTTOM OF THE 3RD
Minnesota (NYP) Twins batting - Pitching for Everett AquaSox : RHP Michel Méry
Batting: SHB Juan Aguilar 0-0: Called Strike
0-1: Foul Ball, location: 2F
0-2: Ball
1-2: Foul Ball, location: 2F
1-2: Ball
2-2: Foul Ball, location: 2F
2-2: Fly out, F9 (Flyball, 89D, EV 106.9 MPH)
Batting: RHB Caleb Bockmann 0-0: Ball
1-0: Called Strike
1-1: Swinging Strike
1-2: Strikes out looking
Batting: RHB Fhil Mikrakin 0-0: Foul Ball, location: 2F
0-1: Ground out 6-3 (Groundball, 56, EV 86.9 MPH)
Bottom of the 3rd over - 0 runs, 0 hits, 0 errors, 0 left on base; Everett 2 - Minnesota (NYP) 0
TOP OF THE 4TH
Everett AquaSox batting - Pitching for Minnesota (NYP) Twins : RHP Glen Dutton
Batting: RHB Sal Cervantes 0-0: Ball
1-0: Foul Ball, location: 2F
1-1: Foul Ball, location: 2F
1-2: Strikes out swinging
Batting: RHB Rich Justice 0-0: Called Strike
0-1: Ground out U3 (Groundball, 3S, EV 91.2 MPH)
Batting: RHB Danny Pujols 0-0: Called Strike
0-1: Ball
1-1: Fly out, F9 (Line Drive, 89M, EV 97.5 MPH)
Top of the 4th over - 0 runs, 0 hits, 0 errors, 0 left on base; Everett 2 - Minnesota (NYP) 0
BOTTOM OF THE 4TH
Minnesota (NYP) Twins batting - Pitching for Everett AquaSox : RHP Michel Méry
Batting: LHB Hector Olvera 0-0: Ball
1-0: Foul Ball, location: 2F
1-1: Ball
2-1: SINGLE (Line Drive, 8RS, EV 97.5 MPH)
Batting: LHB Ben Roth 0-0: Called Strike
0-1: Fielders Choice at 2nd, 4-6 (Groundball, 4, EV 104.4 MPH)
Batting: RHB Alexandre Garcia 0-0: 2-RUN HOME RUN (Flyball, 7D, EV 100.6 MPH), Distance : 377 ft
Batting: RHB Chris Bejarano 0-0: Fly out, F8 (Flyball, 8RXD, EV 103.8 MPH)
Batting: LHB Jose Hilario 0-0: Ball
1-0: Swinging Strike
1-1: Ball
2-1: Ball
3-1: Base on Balls
Batting: RHB Fernando Bravo 0-0: Ball
1-0: Foul Ball, location: 2F
1-1: SINGLE (Groundball, 6D, EV 102.5 MPH)
Jose Hilario to second
Batting: SHB Juan Aguilar 0-0: Called Strike
0-1: Ball
Wild Pitch!
Jose Hilario to third
Fernando Bravo to second
1-1: Ball
2-1: Ball
3-1: Called Strike
3-2: Base on Balls
Batting: RHB Caleb Bockmann 0-0: Called Strike
0-1: Called Strike
0-2: Ball
Wild Pitch!
Jose Hilario scores
Fernando Bravo to third
Juan Aguilar to second
1-2: Strikes out swinging
Bottom of the 4th over - 3 runs, 3 hits, 0 errors, 2 left on base; Everett 2 - Minnesota (NYP) 3
TOP OF THE 5TH
Everett AquaSox batting - Pitching for Minnesota (NYP) Twins : RHP Glen Dutton
Batting: RHB Egidius Kruger 0-0: Ball
1-0: Called Strike
1-1: Ball
2-1: Ground out 5-3 (Groundball, 56S, EV 80.6 MPH)
Batting: SHB Raghnall Ahearne 0-0: Ball
1-0: Foul Ball, location: 2F
1-1: Ball
2-1: Ball
3-1: Swinging Strike
3-2: Strikes out swinging
Batting: RHB John Vasquez 0-0: Ball
1-0: Ball
2-0: Ball
3-0: Base on Balls
Batting: RHB Tomokazu Sugimoto 0-0: Called Strike
John Vasquez steals 2nd base
0-1: SINGLE (Groundball, P, EV 95.0 MPH) (infield hit)
John Vasquez to third
Batting: RHB Bryan Alfaro 0-0: Called Strike
0-1: Ball
1-1: Ball
2-1: Foul Ball, location: 2F
2-2: Strikes out swinging
Top of the 5th over - 0 runs, 1 hit, 0 errors, 2 left on base; Everett 2 - Minnesota (NYP) 3
BOTTOM OF THE 5TH
Minnesota (NYP) Twins batting - Pitching for Everett AquaSox : RHP Michel Méry
Batting: RHB Fhil Mikrakin 0-0: Ball
1-0: Ground out 5-3 (Groundball, 56, EV 82.5 MPH)
Batting: LHB Hector Olvera 0-0: Ball
1-0: Called Strike
1-1: Called Strike
1-2: Foul Ball, location: 2F
1-2: SINGLE (Groundball, 4MD, EV 100.0 MPH)
Pitching: LHP Chris Wheeler
Batting: LHB Ben Roth 0-0: Called Strike
0-1: Foul Ball, location: 2F
0-2: Foul Ball, location: 2F
0-2: Fly out, F9 (Flyball, 89S, EV 85.0 MPH)
Batting: RHB Alexandre Garcia 0-0: Ball
1-0: Ball
2-0: Ball
3-0: Base on Balls
Hector Olvera to second
Batting: RHB Chris Bejarano 0-0: Called Strike
0-1: Ball
1-1: Foul Ball, location: 2F
1-2: Foul Ball, location: 2F
1-2: Ball
2-2: Strikes out swinging
Bottom of the 5th over - 0 runs, 1 hit, 0 errors, 2 left on base; Everett 2 - Minnesota (NYP) 3
TOP OF THE 6TH
Everett AquaSox batting - Pitching for Minnesota (NYP) Twins : RHP Glen Dutton
Pitching: RHP Larry Muttart
Batting: SHB Tony Morales 0-0: Called Strike
0-1: Ball
1-1: Called Strike
1-2: Ball
2-2: Foul Ball, location: 2F
2-2: Ball
3-2: Base on Balls
Batting: RHB Sal Cervantes 0-0: Called Strike
0-1: Foul Ball, location: 2F
0-2: Ground out 4-3 (Groundball, 4M, EV 83.8 MPH)
Tony Morales to second
Batting: RHB Rich Justice 0-0: Called Strike
Tony Morales steals 3rd base
0-1: Ball
1-1: Ground out 6-3 (Groundball, 6, EV 90.6 MPH)
Batting: RHB Danny Pujols 0-0: Ball
1-0: Called Strike
1-1: Ball
2-1: Foul Ball, location: 2F
2-2: Foul Ball, location: 2F
2-2: Ground out 4-3 (Groundball, 34, EV 92.5 MPH)
Top of the 6th over - 0 runs, 0 hits, 0 errors, 1 left on base; Everett 2 - Minnesota (NYP) 3
BOTTOM OF THE 6TH
Minnesota (NYP) Twins batting - Pitching for Everett AquaSox : LHP Chris Wheeler
Batting: LHB Jose Hilario 0-0: Called Strike
0-1: Ball
1-1: Foul Ball, location: 2F
1-2: Ball
2-2: Foul Ball, location: 2F
2-2: Ground out 6-3 (Groundball, 6, EV 78.8 MPH)
Batting: RHB Fernando Bravo 0-0: Called Strike
0-1: Ground out 6-3 (Groundball, 6, EV 88.8 MPH)
Batting: SHB Juan Aguilar 0-0: Ball
1-0: Foul Ball, location: 2F
1-1: TRIPLE (Line Drive, 78XD, EV 103.8 MPH)
Batting: RHB Caleb Bockmann 0-0: Foul Ball, location: 2F
0-1: Ball
1-1: Foul Ball, location: 2F
1-2: Strikes out looking
Bottom of the 6th over - 0 runs, 1 hit, 0 errors, 1 left on base; Everett 2 - Minnesota (NYP) 3
TOP OF THE 7TH
Everett AquaSox batting - Pitching for Minnesota (NYP) Twins : RHP Larry Muttart
Batting: RHB Egidius Kruger 0-0: Called Strike
0-1: Called Strike
0-2: Foul Ball, location: 2F
0-2: Ball
1-2: Foul Ball, location: 2F
1-2: Strikes out swinging
Batting: SHB Raghnall Ahearne 0-0: Ball
1-0: Ball
2-0: Foul Ball, location: 2F
2-1: Swinging Strike
2-2: Foul Ball, location: 2F
2-2: Foul Ball, location: 2F
2-2: Foul Ball, location: 2F
2-2: Strikes out looking
Batting: RHB John Vasquez 0-0: Called Strike
0-1: Ball
1-1: Foul Ball, location: 2F
1-2: Foul Ball, location: 2F
1-2: Foul Ball, location: 2F
1-2: Foul Ball, location: 2F
1-2: Ball
2-2: Ground out 5-3 (Groundball, 56S, EV 91.2 MPH)
Top of the 7th over - 0 runs, 0 hits, 0 errors, 0 left on base; Everett 2 - Minnesota (NYP) 3
BOTTOM OF THE 7TH
Minnesota (NYP) Twins batting - Pitching for Everett AquaSox : LHP Chris Wheeler
Batting: RHB Fhil Mikrakin 0-0: Ball
1-0: DOUBLE (Line Drive, 89XD, EV 99.4 MPH)
Batting: LHB Hector Olvera 0-0: Called Strike
Fhil Mikrakin steals 3rd, throwing error, E2
Fhil Mikrakin scores
0-1: Ball
1-1: Swinging Strike
1-2: Foul Ball, location: 2F
1-2: Ground out 1-3 (Groundball, 13S, EV 71.2 MPH)
Batting: LHB Ben Roth 0-0: Ball
1-0: Foul Ball, location: 2F
1-1: Called Strike
1-2: Foul Ball, location: 2F
1-2: Fly out, F4 (Popup, 23, EV 83.8 MPH)
Batting: RHB Alexandre Garcia 0-0: Called Strike
0-1: Ball
1-1: Called Strike
1-2: Strikes out swinging
Bottom of the 7th over - 1 run, 1 hit, 1 error, 0 left on base; Everett 2 - Minnesota (NYP) 4
TOP OF THE 8TH
Everett AquaSox batting - Pitching for Minnesota (NYP) Twins : RHP Larry Muttart
Pitching: RHP Chad Brock
Batting: RHB Tomokazu Sugimoto 0-0: Ball
1-0: Ball
2-0: Ball
3-0: Called Strike
3-1: Foul Ball, location: 2F
3-2: Strikes out swinging
Batting: RHB Bryan Alfaro 0-0: Ball
1-0: Ball
2-0: Called Strike
2-1: Foul Ball, location: 2F
2-2: Strikes out swinging
Batting: SHB Tony Morales 0-0: Ball
1-0: SINGLE (Groundball, 6S, EV 71.2 MPH) (infield hit)
Batting: RHB Sal Cervantes 0-0: Ball
1-0: Fly out, F8 (Flyball, 78S, EV 81.2 MPH)
Top of the 8th over - 0 runs, 1 hit, 0 errors, 1 left on base; Everett 2 - Minnesota (NYP) 4
BOTTOM OF THE 8TH
Minnesota (NYP) Twins batting - Pitching for Everett AquaSox : LHP Chris Wheeler
Pitching: LHP Kevin Roberts
Batting: RHB Chris Bejarano 0-0: Called Strike
0-1: Foul Ball, location: 2F
0-2: Ball
1-2: Strikes out looking
Batting: LHB Jose Hilario 0-0: Swinging Strike
0-1: Swinging Strike
0-2: Strikes out looking
Batting: RHB Fernando Bravo 0-0: Ball
1-0: Called Strike
1-1: Swinging Strike
1-2: Ball
2-2: Foul Ball, location: 2F
2-2: Ball
3-2: Base on Balls
Batting: SHB Juan Aguilar 0-0: Called Strike
0-1: Foul Ball, location: 2F
0-2: Strikes out swinging
Bottom of the 8th over - 0 runs, 0 hits, 0 errors, 1 left on base; Everett 2 - Minnesota (NYP) 4
TOP OF THE 9TH
Everett AquaSox batting - Pitching for Minnesota (NYP) Twins : RHP Chad Brock
Pitching: LHP Yeijiro Kimura
Batting: RHB Rich Justice 0-0: Called Strike
0-1: Ball
1-1: Foul Ball, location: 2F
1-2: Ball
2-2: Ball
3-2: Fly out, F3 (Popup, 3SF, EV 72.5 MPH)
Batting: RHB Danny Pujols 0-0: Called Strike
0-1: Foul Ball, location: 2F
0-2: Strikes out swinging
Batting: RHB Egidius Kruger 0-0: DOUBLE (Flyball, 89XD, EV 109.4 MPH)
Batting: SHB Raghnall Ahearne 0-0: Called Strike
0-1: Called Strike
0-2: Strikes out swinging
Top of the 9th over - 0 runs, 1 hit, 0 errors, 1 left on base; Everett 2 - Minnesota (NYP) 4
Sunday, July 16th , 2023 - OOTP Baseball 24.6 Build 69